 Dungeon Crawl Stone Soup version 0.28-a0-863-g8cecda6 (webtiles) character file.

Game seed: 9835190316338433267

17732 PublicAnimeNo1 the Fighter (level 12, -2/105 HPs)
             Began as a Red Draconian Venom Mage on Nov 19, 2021.
             Was an Initiate of Gozag.
             Killed by divine providence
             ... invoked by a smoke demon
             ... summoned by an orc sorcerer
             ... led by an orc warlord
              (9 damage)
             ... on level 2 of the Orcish Mines.
             The game lasted 00:35:23 (18485 turns).

PublicAnimeNo1 the Fighter (DrVM)                  Turns: 18485, Time: 00:35:23

Health: -2/105     AC:  9    Str: 10    XL:     12   Next: 21%
Magic:  24/24      EV: 12    Int: 20    God:    Gozag
Gold:   2882       SH: 10    Dex: 13    Spells: 17/27 levels left

rFire   + + .      SeeInvis .   a - +4 rapier (elec)
rCold   + . .      Faith    .   x - +0 kite shield {rC+ rF+}
rNeg    . . .      Spirit   .   (armour unavailable)
rPois   +          Reflect  .   (helmet restricted)
rElec   .          Harm     .   n - +0 cloak
rCorr   .          Rampage  .   (no gloves)
Will    .....                   (no boots)
Stlth   +++.......              g - amulet of magic regeneration
HPRegen 0.27/turn               t - ring of poison resistance
MPRegen 0.44/turn               (no ring)

@: no status effects
A: breathe fire, AC +8, unfitting armour, fire resistance 1, cold-blooded
a: Breathe Fire, Renounce Religion, Potion Petition, Call Merchant, Bribe Branch


You were on level 2 of the Orcish Mines.
You worshipped Gozag.
Gozag was most pleased with you.
You visited 3 branches of the dungeon, and saw 14 of its levels.
You also visited: Bailey.

You collected 3002 gold pieces.
You paid 120 gold pieces to Gozag.

Inventory:

Hand Weapons
 a - a +4 rapier of electrocution (weapon)
 c - a +0 dagger
 z - a +2 vampiric broad axe
Missiles
 p - a throwing net
 F - 7 silver javelins
Armour
 n - a +0 cloak (worn)
 w - a +0 pair of gloves
 x - a +0 kite shield of resistance (worn)
Magical Staves
 d - a staff of fire
Jewellery
 g - an amulet of magic regeneration (around neck)
 h - a ring of positive energy
 m - a ring of resist corrosion
 t - a ring of poison resistance (left hand)
 C - a +4 ring of slaying
Wands
 i - a wand of flame (8)
 r - a wand of iceblast (30)
 B - a wand of polymorph (2)
 E - a wand of acid (15)
 H - a wand of paralysis (4)
Scrolls
 b - a scroll of fog
 e - 2 scrolls of teleportation
 o - a scroll of holy word
 D - a scroll of summoning
 G - a scroll of acquirement
Potions
 f - 4 potions of curing
 j - 3 potions of lignification
 k - 2 potions of flight
 l - 3 potions of heal wounds {unknown}
 s - 2 potions of degeneration {unknown}
 v - a potion of might {unknown}
 A - a potion of magic {unknown}
Miscellaneous
 y - a tin of tremorstones (1/2)


   Skills:
 + Level 9.4 Fighting
 - Level 4.0 Dodging
 - Level 6.6 Stealth
 * Level 8.3 Shields
 - Level 8.0 Spellcasting
 - Level 7.2 Conjurations
 - Level 3.0 Transmutations
 - Level 4.0 Air Magic
 - Level 7.0 Poison Magic
 + Level 4.6 Evocations


You had 17 spell levels left.
You knew the following spells:

 Your Spells              Type           Power      Damage    Failure   Level
a - Sting                 Tmut/Pois      100%       1d8       2%          1
b - Poisonous Vapours     Pois/Air       60%        N/A       3%          2
c - Olgreb's Toxic Radia  Pois           36%        N/A       11%         4
d - Mephitic Cloud        Conj/Pois/Air  32%        N/A       4%          3

Your spell library contained the following spells:

 Spells                   Type           Power      Damage    Failure   Level
 Ensorcelled Hibernation  Hex/Ice        16%        N/A       30%         2
 Scorch                   Fire           16%        2d6       30%         2
 Flame Wave               Conj/Fire      22%        3d6       41%         4
 Hailstorm                Conj/Ice       22%        3d7       41%         4
 Tukima's Dance           Hex            8%         N/A       52%         3
 Ice Form                 Ice/Tmut       14%        N/A       71%         4
 Simulacrum               Ice/Necr       4%         N/A       100%        6
 Summon Cactus Giant      Summ           4%         N/A       100%        6


Dungeon Overview and Level Annotations

Branches:
Dungeon (11/15)            Temple (1/1) D:7            Lair (0/6) D:11
    Orc (2/2) D:11            Elf (0/3) Orc:2        Bailey (visited)

Altars:
Ashenzari
Cheibriados
Dithmenos
Elyvilon
Fedhas
Gozag
Hepliaklqana
Kikubaaqudgha
Makhleb
Nemelex Xobeh
Okawaru
Qazlal
Ru
Sif Muna
Trog
Uskayaw
Vehumet
Wu Jian
Xom
Yredelemnul
Zin
The Shining One

Shops:
Orc:1 *

Annotations:
D:11 exclusion: boulder beetle
Orc:2 3 runed translucent doors


Innate Abilities, Weirdness & Mutations

You can breathe blasts of fire.
Your fiery red scales are hard. (AC +8)
You cannot fit into any form of body armour.
Your flesh is heat resistant. (rF+)
You are cold-blooded and may be slowed by cold attacks.


Message History

The burst of rock shards engulfs the smoke demon!
The burst of rock shards engulfs you!
* * * LOW HITPOINT WARNING * * *
The burst of rock shards engulfs the orc sorcerer.
The burst of rock shards engulfs the rust devil!
The orc warrior shouts!
You hear a shout! x2
The orc warrior is no longer distracted by gold.
The smoke demon is distracted by your dazzling golden aura.
The orc sorcerer is distracted by your dazzling golden aura.
The smoke demon roars!
You kill the orc!
The orc warrior looks more healthy.
You kill the orc sorcerer!
The rust devil disappears in a puff of smoke! x2
Items here: )) [[.
Things that are here:
a +0 dagger; a +0 robe; a +0 flail The sun demon hits you!!
* * * LOW HITPOINT WARNING * * *
You are engulfed in flames.
You resist.
* * * LOW HITPOINT WARNING * * *
You see here a +0 whip.
That's the wrong kind of item! (Use * to select it.) Evoke which item? (* to show all) (? for menu, Esc to quit)
Okay, then.
Aiming: Iceblast
Press: ? - help, Shift-Dir - straight line The mass of ice explodes!
The iceblast engulfs the sun demon!
The sun demon is frozen!
The sun demon is severely wounded.
You hear a shout!
The sun demon is distracted by your dazzling golden aura.
The orc warrior is distracted by your dazzling golden aura.
Things that are here:
a +0 halberd; a +0 chain mail The sun demon is no longer distracted by gold.
The smoke demon gestures at you. Something smites you!
You die...
Your body crumbles into a pile of gold.

#...........####
#.....##.......#
###......#......##
........###......##
#........##.......# ##.
##.............#### ..
##.#...........# #.
###....).[...## ##.
#..<@).3)### ##..
##...)[).## ######.$.
##......[.)###.#o$##$.
#........)oo#.$$ยง$$...
#####.......3).o$o3.o$..
##........#...[.......#..
#........##....####.$....
......######......#......
#......####.........##..


You could see a sun demon (summoned), a smoke demon (summoned) and 2 orc
warriors.

Vanquished Creatures
  2 orc warlords
  A boulder beetle (D:11)
  3 two-headed ogres
  Urug (D:10)
  Sonja (D:11)
  Pikel (D:7)
  3 orc knights (Bailey)
  2 orc sorcerers
  A cyclops (D:11)
  An unseen horror (D:7)
  A troll (Orc:1)
  9 yaks
  A wyvern (D:9)
  Grum (D:11)
  3 wargs
  An acid dragon (D:8)
  Duvessa (D:4)
  2 water moccasins
  2 ice beasts (D:7)
  16 orc warriors
  A sky beast (D:7)
  5 black bears (D:11)
  3 wolves (D:11)
  2 ogres
  9 centaurs
  A phantom (D:6)
  2 kobold brigands
  4 bullfrogs
  A gnoll sergeant (D:9)
  A wyvern zombie (D:7)
  2 water moccasin zombies
  Dowan (D:4)
  13 killer bees
  An electric eel (D:6)
  4 wights (D:7)
  A howler monkey (D:6)
  A bullfrog zombie (D:5)
  3 centaur zombies
  Crazy Yiuf (D:4)
  2 bullfrog skeletons
  3 jellies
  5 hounds
  A gnoll shaman (D:6)
  9 orc priests
  Jessica (D:3)
  2 iguanas
  19 orc wizards
  A killer bee zombie (D:7)
  2 hound skeletons
  A howler monkey zombie (D:5)
  9 adders
  14 gnolls
  2 white imps
  An ufetubus (D:6)
  An adder skeleton (D:4)
  3 worms
  59 orcs
  12 ball pythons
  5 endoplasms
  8 giant cockroaches
  8 goblins
  11 hobgoblins
  2 jackals (D:2)
  5 quokkas
  8 bats
  3 frilled lizards
  19 kobolds
  6 rats
331 creatures vanquished.

Vanquished Creatures (others)
  An orc wizard (D:8)
  40 fungi
  32 plants
73 creatures vanquished.

Grand Total: 404 creatures vanquished

Notes
Turn   | Place    | Note
-------+----------+-------------------------------------------
     0 | D:1      | PublicAnimeNo1 the Draconian Venom Mage began the quest for
                  | the Orb.
     0 | D:1      | Reached XP level 1. HP: 14/14 MP: 3/3
   367 | D:1      | Reached XP level 2. HP: 22/22 MP: 3/5
   420 | D:1      | Learned a level 2 spell: Poisonous Vapours
   768 | D:1      | Reached skill level 1 in Fighting
  1331 | D:2      | Reached XP level 3. HP: 27/28 MP: 2/6
  1660 | D:2      | Found a faded altar of an unknown god.
  1832 | D:2      | Found a glowing silver altar of Zin.
  2900 | D:3      | Reached XP level 4. HP: 36/36 MP: 3/7
  2942 | D:2      | Reached skill level 2 in Fighting
  3177 | D:3      | Noticed Jessica
  3304 | D:2      | Learned a level 4 spell: Olgreb's Toxic Radiance
  3443 | D:3      | Killed Jessica
  3444 | D:3      | Reached XP level 5. HP: 31/41 MP: 5/9
  4413 | D:3      | Identified a scroll of acquirement
  5058 | D:4      | Noticed Duvessa
  5138 | D:4      | Reached skill level 3 in Fighting
  5138 | D:4      | Reached XP level 6. HP: 51/51 MP: 10/10
  5170 | D:5      | Entered Level 5 of the Dungeon
  5187 | D:5      | Reached skill level 5 in Poison Magic
  5585 | D:5      | Reached skill level 4 in Fighting
  5585 | D:5      | Your scales start taking on a fiery red colour.
  5585 | D:5      | Reached XP level 7. HP: 49/59 MP: 11/11
  5585 | D:5      | Gained mutation: Your flesh is heat resistant. (rF+) [Red
                  | Draconian growth]
  5585 | D:5      | Acquired a staff of fire
  6034 | D:5      | Found a glowing silver altar of Zin.
  6621 | D:6      | Reached skill level 5 in Fighting
  6790 | D:6      | Noticed a yak
  6793 | D:6      | Noticed a yak
  6802 | D:6      | Noticed a yak
  6804 | D:6      | Killed a yak
  6805 | D:6      | Reached XP level 8. HP: 68/68 MP: 10/13
  7071 | D:6      | Reached skill level 6 in Fighting
  7310 | D:6      | Learned a level 3 spell: Mephitic Cloud
  7400 | D:6      | Reached skill level 1 in Conjurations
  7400 | D:6      | Reached skill level 1 in Air Magic
  7798 | D:6      | Reached XP level 9. HP: 76/78 MP: 12/16
  7848 | D:6      | Reached skill level 7 in Fighting
  7848 | D:6      | Reached skill level 5 in Spellcasting
  8205 | D:6      | Identified the +2 robe of Gravitas {rPois Str+3 Slay-2}
  8248 | D:6      | Found a hazy altar of Hepliaklqana.
  8880 | D:4      | Noticed Dowan
  8886 | D:4      | Killed Dowan
  8933 | D:4      | Killed Duvessa
  9165 | D:4      | Acquired 959 gold pieces
  9347 | D:4      | Found a basalt altar of Yredelemnul.
  9801 | D:4      | Found a runed translucent door.
  9802 | D:4      | Noticed Crazy Yiuf
  9811 | D:4      | Killed Crazy Yiuf
 10265 | D:7      | Noticed a skeletal warrior
 10266 | D:7      | Noticed a skeletal warrior
 10515 | D:7      | Found a staircase to the Ecumenical Temple.
 10520 | D:7      | Noticed Pikel
 10522 | Temple   | Entered the Ecumenical Temple
 10698 | Temple   | Became a worshipper of Gozag Ym Sagoz the Greedy
 10721 | D:7      | Killed Pikel
 10843 | D:7      | You fall into a shaft and drop 1 floor!
 11620 | D:9      | Identified the +1 robe of Zajiuz {rC- Regen+ Dex+4}
 11636 | D:9      | Found a flagged portal.
 11653 | Bailey   | Entered a bailey
 11689 | Bailey   | Reached skill level 5 in Conjurations
 11758 | Bailey   | Reached XP level 10. HP: 75/86 MP: 14/19
 11804 | Bailey   | Noticed an orc knight
 11880 | Bailey   | Noticed an orc knight
 11881 | Bailey   | Noticed an orc knight
 11884 | Bailey   | Killed an orc knight
 11886 | Bailey   | Killed an orc knight
 11970 | Bailey   | Killed an orc knight
 12071 | Bailey   | Identified the +1 gold dragon scales of Abstinence {*Slow
                  | rElec rPois rF+ rC+ Int+2}
 12130 | D:9      | Reached skill level 8 in Fighting
 12154 | D:9      | Noticed a two-headed ogre
 12166 | D:9      | Killed a two-headed ogre
 12307 | D:9      | Acquired a +2 vampiric broad axe
 13460 | D:7      | Reached skill level 5 in Stealth
 13911 | D:7      | Reached XP level 11. HP: 81/94 MP: 22/22
 14020 | D:7      | Noticed a skeletal warrior
 14032 | D:7      | Noticed a skeletal warrior
 14037 | D:7      | Noticed a skeletal warrior
 14144 | D:10     | Entered Level 10 of the Dungeon
 14412 | D:10     | Reached skill level 9 in Fighting
 14437 | D:10     | Noticed a two-headed ogre
 14445 | D:10     | Killed a two-headed ogre
 14610 | D:10     | Found a blossoming altar of Fedhas.
 14617 | D:10     | Reached skill level 1 in Shields
 14633 | D:10     | Noticed Urug
 14779 | D:10     | Killed Urug
 15415 | D:11     | Noticed a skeletal warrior
 15415 | D:11     | Noticed a skeletal warrior
 15430 | D:11     | Noticed Grum
 15430 | D:11     | Noticed Sonja
 15432 | D:11     | Noticed a two-headed ogre
 15437 | D:11     | Killed a two-headed ogre
 15691 | D:11     | Killed Grum
 15728 | D:11     | Killed Sonja
 15825 | D:11     | Found a staircase to the Orcish Mines.
 15829 | D:11     | Noticed a boulder beetle
 15924 | D:11     | Killed a boulder beetle
 15925 | D:11     | Reached skill level 5 in Shields
 15925 | D:11     | Reached skill level 1 in Evocations
 16455 | D:11     | Found a staircase to the Lair.
 16946 | D:11     | Noticed a boulder beetle
 16979 | Orc:1    | Entered Level 1 of the Orcish Mines
 16988 | Orc:1    | Found Hefranesm's General Store.
 17085 | Orc:1    | Noticed an orc sorcerer
 17096 | Orc:1    | Killed an orc sorcerer
 17368 | Orc:2    | Entered Level 2 of the Orcish Mines
 17458 | Orc:2    | Found a runed translucent gate.
 17458 | Orc:2    | Found a runed translucent gate.
 17458 | Orc:2    | Found a runed translucent gate.
 17638 | Orc:2    | Found a staircase to the Elven Halls.
 17640 | Orc:2    | Noticed an orc warlord
 17680 | Orc:1    | HP: 4/97 [orc warlord (25)]
 17685 | Orc:1    | Killed an orc warlord
 17686 | Orc:1    | Reached XP level 12. HP: 6/104 MP: 20/24
 18441 | Orc:2    | Noticed an orc warlord
 18469 | Orc:2    | Killed an orc warlord
 18485 | Orc:2    | Killed from afar by a smoke demon

Illustrated notes

Levels and vault maps discovered:
D:1:      lightli_arrival_boilingwater, layout_basic, lemuel_old_faithful
D:2:      minmay_inner_zag, layout_basic, basic_altar,
          dreamdust_ecumenical_altar_grove, fountainhead, skrybe_limestone_x
D:3:      minmay_angry_zag, layout_basic, uniq_jessica
D:4:      layout_basic, yredelemnul_altar_generic, uniq_crazy_yiuf_cottage,
          uniq_duvessa
D:5:      layout_loops_cross, zin_scriptorium, minmay_holes,
          hangedman_decor_push, kennysheep_small_square
D:6:      corexii_shack_village, layout_basic, kennysheep_little_box,
          nicolae_water_bricks
D:7:      layout_basic, minmay_temple_entry_drinking_statues, dk_noncrumbling_2,
          st_stairs_2, uniq_pikel
D:8:      layout_basic
D:9:      layout_loops_cross, enter_bailey_4
D:10:     layout_irregular_city, fedhas_ov_isle_minmay, uniq_urug
D:11:     layout_basic, due_lair_maze_entry_diamond, uniq_sonja, uniq_snorg,
          uniq_grum
Temple:   eino_narrow_crystal_temple
Orc:1:    layout_diamond_mine, serial_shops, shop, hellmonk_bongcloud_opening
Orc:2:    st_orc_congregation, layout_diamond_mine, special_room,
          gammafunk_ghost_split

Skill      XL: |  1  2  3  4  5  6  7  8  9 10 11 12 |
---------------+-------------------------------------+-----
Stealth        | 2 5 6 |  6.6
Fighting       | 1 2 3 4 5 6 7 8 9 |  9.4
Transmutations | 2 3 |  3.0
Poison Magic   | 4 5 7 |  7.0
Spellcasting   | 3 4 6 7 8 |  8.0
Conjurations   | 2 5 6 7 |  7.2
Air Magic      | 2 4 |  4.0
Dodging        | 4 |  4.0
Shields        | 7 8 |  8.3
Evocations     | 4 |  4.6

Action                   |  1- 3 |  4- 6 |  7- 9 | 10-12 || total
-------------------------+-------+-------+-------+-------++-------
Melee: Unarmed           |    16 |       |       |       ||    16
       Dagger            |    99 |    44 |       |       ||   143
       Tailslap          |     4 |     7 |    22 |    20 ||    53
       Hand axe          |       |    67 |    98 |       ||   165
       Staff             |       |       |     5 |       ||     5
       Rapier            |       |       |    61 |   210 ||   271
 Cast: Sting             |    69 |    30 |    26 |       ||   125
       Poisonous Vapours |     1 |    15 |    51 |    60 ||   127
       Olgreb's Toxic Ra |       |       |     8 |    20 ||    28
       Mephitic Cloud    |       |       |     3 |     5 ||     8
 Abil: Breathe Fire      |       |       |    32 |    32 ||    64
Evoke: Wand              |       |       |       |    17 ||    17
       Tin of tremorston |       |       |       |     1 ||     1
  Use: Potion            |       |     3 |     2 |     2 ||     7
       Scroll            |       |     5 |     7 |     5 ||    17
 Stab: Sleeping          |     1 |     2 |     2 |     1 ||     6
       Distracted        |       |       |     3 |       ||     3
       Confused          |       |       |       |     1 ||     1
       Paralysed         |       |       |       |     6 ||     6
Armor: Skin              |    73 |    51 |    84 |   168 ||   376
Dodge: Dodged            |   108 |   108 |   165 |   181 ||   562
Block: Kite shield       |       |       |       |   108 ||   108

Table legend: (Time is in decaauts)
 A = Elapsed time spent in this place.
 B = Non-inter-level travel time spent in this place.
 C = Inter-level travel time spent in this place.
 D = Time resting spent in this place.
 E = Time spent auto-exploring this place.
 F = Levels seen in this place.
 G = Mean time per level.
                   A        B        C        D        E       F      G
               +--------+--------+--------+--------+--------+-----+--------+
         Total |  18668 |  17740 |    928 |   5374 |   9245 |  15 | 1244.5 |
       Dungeon |  16514 |  15609 |    905 |   4665 |   8319 |  11 | 1501.3 |
        Temple |    190 |    184 |      6 |      5 |    149 |   1 |  190.0 |
  Orcish Mines |   1526 |   1509 |     17 |    674 |    554 |   2 |  763.0 |
        Bailey |    436 |    436 |      0 |     30 |    223 |   1 |  436.0 |
               +--------+--------+--------+--------+--------+-----+--------+

Top non-repeatable levels by time:
     D:6: 2663 daAuts
     D:2: 1788 daAuts
     D:3: 1696 daAuts
     D:4: 1671 daAuts
    D:10: 1536 daAuts
    D:11: 1344 daAuts
     D:5: 1338 daAuts
     D:1: 1264 daAuts
     D:8: 1092 daAuts
     D:9: 1089 daAuts
     D:7: 1029 daAuts
   Orc:2: 827 daAuts
   Orc:1: 699 daAuts
  Bailey: 436 daAuts
  Temple: 190 daAuts
